[Event "Polish University-ch Open 2024"]
[Site "Lublin"]
[Date "2024.02.23"]
[Round "2.15"]
[White "Makhynia, Kostiantyn"]
[Black "Pultorak, Jan"]
[Result "1/2-1/2"]
[ECO "E06"]
[WhiteElo "1968"]
[BlackElo "2303"]
[Annotator "TA"]
[PlyCount "88"]
[EventDate "2024.02.22"]
[EventType "swiss"]
[EventCountry "POL"]
[SourceTitle "playchess.com"]
[Source "ChessBase"]
[SourceQuality "1"]
[TimeControl "600+3"]

1. d4 d5 2. Nf3 Nf6 3. c4 e6 4. g3 Be7 5. Bg2 O-O 6. O-O a6 7. Qc2 h6 (7... dxc4 $11 8. a4 Nc6) 8. Rd1 $14 Nbd7 {[%emt 0:00:28] White is slightly better.} 9. Ne5 c6 10. Bf4 Nxe5 11. Bxe5 Nd7 12. Bf4 Bf6 13. e4 dxe4 14. Nc3 ({Don't play} 14. Qxe4 c5 $11) 14... g5 15. Be3 Bg7 16. Qxe4 Qe7 17. d5 Nf6 18. Qc2 {[%emt 0:00:14] White has more active pieces. The black rooks are passive.} ({Better is} 18. d6 $1 $16 Qe8 19. Qc2) 18... exd5 $11 (18... cxd5 {keeps more tension.} 19. cxd5 exd5 20. Nxd5 Nxd5 21. Bxd5 Re8) 19. cxd5 cxd5 20. Nxd5 Nxd5 21. Bxd5 Bh3 22. Rac1 {[%emt 0:00:24] [#] Strongly threatening Bc5.} Rac8 23. Qb3 ({White should play} 23. Bc5 $14 Qf6 24. Bxb7) 23... b5 24. Rxc8 Rxc8 25. Re1 Rd8 26. Rd1 Bf6 (26... Rd7 {looks sharper.} 27. Qc2 Qf6 28. Bd4 Qf5) 27. Bb6 (27. Qc2 $11 Kg7 28. b3) 27... Rd7 $17 28. Qf3 Qe5 (28... h5 $17 {aiming for ...Bg4.} 29. Qb3 (29. Qxh5 $2 {too greedy.} Rxd5 30. Ra1 Qe6 $19) 29... Qe2) 29. g4 {[%emt 0:00:23] [#]} Bxg4 $1 30. Bxf7+ Kxf7 31. Qxg4 Rxd1+ 32. Qxd1 Qxb2 {[%emt 0:00:00][%mdl 4096] Endgame. KQB-KQB} (32... Kg6 {simplifies} 33. b3 Qa1 34. Qxa1 Bxa1 35. Kg2 Kf5) 33. Qd7+ Kg6 {[%emt 0:00:00] And now ...Qa1+ would win.} 34. Qd3+ Kf7 {[%emt 0:00:01] White must now prevent ...Qc1+.} 35. Qd7+ Be7 36. Qd5+ Kf8 37. Bd4 Qb1+ 38. Kg2 {[%emt 0:00:02] The position is equal.} Qg6 39. Qa8+ Kf7 {[%emt 0:00:01] With the idea ...Qf5.} 40. Qf3+ Ke6 41. Qc6+ Kf7 42. Qf3+ Ke8 43. Qa8+ Kf7 44. Qf3+ Ke8 {[%emt 0:00:02] Weighted Error Value: White=0.17 (very precise) /Black=0.14 (very precise) .  Mistake:       	White=3     	Black=2      Inaccurate:     	White=5     	Black=7      OK:         	White=14    	Black=11     Best:        	White=2     	Black=2} 1/2-1/2

[Event "Polish University-ch Open 2024"]
[Site "Lublin"]
[Date "2024.02.23"]
[Round "2.16"]
[White "Suder, Jakub"]
[Black "Syrkiewicz, Michal"]
[Result "1-0"]
[ECO "D20"]
[WhiteElo "2333"]
[BlackElo "2074"]
[Annotator "TA"]
[PlyCount "81"]
[EventDate "2024.02.22"]
[EventType "swiss"]
[EventCountry "POL"]
[SourceTitle "playchess.com"]
[Source "ChessBase"]
[SourceQuality "1"]
[TimeControl "600+3"]

1. d4 d5 2. c4 dxc4 3. e4 c5 4. d5 e6 5. Bxc4 Nf6 6. Nc3 exd5 7. Nxd5 Nxd5 8. Bxd5 Bd6 9. Nf3 {[%emt 0:00:20] [#] Ng5 would now be deadly.} O-O 10. O-O Qc7 {[%emt 0:01:16] The position is equal.} 11. Qb3 Nc6 12. h3 a6 13. Rd1 Nb4 14. e5 Be7 15. Be4 Be6 16. Qe3 Rfd8 ({Much weaker is} 16... Bxa2 17. Bd2 Be6 18. Bxb4 cxb4 19. Rac1 $11) 17. Bd2 Nd5 (17... Nxa2 $5 18. Bd3 (18. Ng5 Bxg5 19. Qxg5 Rd4 $17) 18... g6 $15) 18. Qe2 h6 {[%emt 0:00:07] Dodges Ng5} 19. Rac1 Qb6 $1 20. b3 Rac8 (20... Rd7 $11 {keeps the balance.}) 21. Bb1 $16 {[%emt 0:00:03] White stays focused until the end.} Bf8 22. Qe4 g6 (22... f5 $142 23. exf6 Nxf6) 23. Qh4 Ne7 (23... Kh7 $16 24. Ng5+ Kg8) 24. Bxh6 $18 Nf5 $2 (24... Rxd1+ 25. Rxd1 Bxh6) 25. Bxf5 Bxf5 {[%emt 0:00:01] Black is weak on the dark squares} 26. Bxf8 Kxf8 27. Qh6+ (27. Ng5 $142) 27... Ke7 28. Qh4+ $2 (28. Nd2 Bd3 29. Qh4+ g5 30. Qxg5+ Ke8 31. e6 Qxe6 32. Re1 (32. Rxc5 Rxc5 33. Qxc5 Be2 $17)) 28... Kf8 29. Ng5 {[%emt 0:00:04] [#] Threatens to win with Qh7.} Qc7 30. Qh8+ Ke7 31. Qf6+ Ke8 32. e6 fxe6 33. Nxe6 (33. Qh8+ $142 Ke7 34. Qg7+ Ke8 35. Qg8+ Ke7 36. Qf7#) 33... Bxe6 {[%emt 0:00:02] White is clearly winning.} 34. Qxe6+ Qe7 35. Qg8+ Qf8 36. Qxg6+ Qf7 37. Rxd8+ Rxd8 38. Re1+ Kf8 39. Qh6+ Qg7 40. Qxg7+ (40. Qf4+ $142 Qf7 41. Qe5) 40... Kxg7 41. Re7+ {[%emt 0:00:01] Weighted Error Value: White=0.93/Black=0.51.  Mistake:       	---       	Black=4      Inaccurate:     	White=3     	Black=4      OK:         	White=6     	Black=4      Best:        	White=5     	Black=2      Strong:       	---       	Black=1} 1-0

[Event "Polish University-ch Open 2024"]
[Site "Lublin"]
[Date "2024.02.23"]
[Round "2.17"]
[White "Babiarz, Arkadiusz"]
[Black "Brozyna, Mateusz"]
[Result "1-0"]
[ECO "C54"]
[WhiteElo "2159"]
[BlackElo "2259"]
[Annotator "TA"]
[PlyCount "75"]
[EventDate "2024.02.22"]
[EventType "swiss"]
[EventCountry "POL"]
[SourceTitle "playchess.com"]
[Source "ChessBase"]
[SourceQuality "1"]
[TimeControl "600+3"]

1. e4 e5 2. Nf3 Nc6 3. Bc4 Bc5 4. c3 Nf6 5. d4 exd4 6. e5 d5 7. Bb5 Ne4 8. cxd4 Bb6 9. Nc3 O-O 10. Be3 Bg4 11. h3 Bh5 12. Rc1 {[%emt 0:00:56] The position is equal.} Nxc3 13. bxc3 f6 14. exf6 Qxf6 15. Be2 Ne7 16. O-O c6 17. Bg5 Qd6 18. Ne5 {[%emt 0:01:09] Repels Ng6} Bxe2 19. Qxe2 Rae8 20. Qd3 Nf5 21. Rfe1 h6 22. Bd2 Rf6 (22... c5 $11) 23. Ng4 Rxe1+ 24. Rxe1 {[%emt 0:00:01][%cal Oe1e5] [#] aiming for Re5!} Rf8 25. Ne5 Bc7 26. c4 {[%emt 0:00:05] White is more active.} (26. Qb1 $14 b5 27. Qd3) 26... dxc4 27. Qxc4+ Kh7 $2 (27... Qd5 $11 {and Black is okay.}) 28. Bc3 $2 (28. Bb4 $18 Qd8 29. Bxf8 Qxf8 30. d5) 28... Bb6 $2 {[%emt 0:00:30][%mdl 8192] [#]} (28... Qd5 $11) 29. Bb4 $1 $18 Qf6 30. Bxf8 Qxf8 31. Nd7 (31. d5 $2 Bxf2+ 32. Kh1 Bxe1 $19) 31... Qd6 32. Nxb6 (32. Qf7 $142 Nxd4 33. Re8 Ne2+ 34. Rxe2 (34. Kh1 $2 {leads to mate.} Qd1+ 35. Kh2 Qg1#) 34... Qd1+ 35. Kh2 Bc7+ 36. g3 Bxg3+ 37. Kg2 (37. Kxg3 Qg1+ 38. Kf3 Qh1+ 39. Kf4 Qh2+ 40. Ke3 Qd6 41. Rd2 Qa3+ 42. Ke4 Qc3) 37... Qd5+ 38. Qxd5 (38. Kxg3 $2 {too greedy.} Qxf7 39. Ne5 Qc7 $19) 38... cxd5 39. fxg3 (39. Kxg3 Kg6 $18)) 32... axb6 {[%emt 0:00:02][%mdl 4096] Endgame. KQR-KQN} 33. Re8 {[%emt 0:00:02] Threatening mate with Qg8+.} Nxd4 34. Qd3+ g6 35. Qe4 Nf5 {[%emt 0:00:02] Against Re7+} (35... Kg7 $142 36. Re7+ Kf8 37. Rxb7 b5) 36. g4 Qd1+ 37. Kh2 {[%emt 0:00:01][%cal Oe4e5] White wants to mate with Qe5!} Nh4 38. Qe7# {[%emt 0:00:02] Weighted Error Value: White=0.64/Black=0.86.  Loses game:     	---       	Black=2      Missed win:     	White=1     	---        Mistake:       	White=1     	Black=1      Inaccurate:     	White=2     	Black=3      OK:         	White=3     	Black=3      Best:        	White=1     	Black=3      Strong:       	White=1     	---} 1-0

[Event "Polish University-ch Open 2024"]
[Site "Lublin"]
[Date "2024.02.23"]
[Round "2.18"]
[White "Redzisz, Michal"]
[Black "Miasik, Adrian"]
[Result "0-1"]
[ECO "B27"]
[WhiteElo "2229"]
[BlackElo "2036"]
[Annotator "TA"]
[PlyCount "73"]
[EventDate "2024.02.22"]
[EventType "swiss"]
[EventCountry "POL"]
[SourceTitle "playchess.com"]
[Source "ChessBase"]
[SourceQuality "1"]
[TimeControl "600+3"]

1. e4 c5 2. Nf3 g6 3. c3 Bg7 4. d4 cxd4 5. cxd4 d5 6. Bb5+ Bd7 7. Bxd7+ Qxd7 8. e5 Nc6 {[%emt 0:00:43] The position is equal.} 9. O-O f6 10. Re1 fxe5 11. Nxe5 Nxe5 12. dxe5 e6 13. Bg5 Ne7 14. Qf3 Nc6 15. Nc3 (15. Nd2 $15) 15... Qf7 (15... Bxe5 $2 {perishes.} 16. Rxe5 Nxe5 17. Qf6 $18) ({Better is} 15... Nxe5 $17 16. Qh3 O-O) 16. Qxf7+ Kxf7 17. f4 Bf8 (17... h6 $15 18. Bh4 g5 19. fxg5 Bxe5 (19... Nxe5 20. Re2 $14) 20. Rf1+ Kg7) 18. Bh4 Nb4 19. Re2 a6 20. a3 Nd3 (20... Nc6 $11 21. Bf2 Na5) 21. Rd1 Nc5 (21... Nxf4 $14 22. Rf1 Bh6) 22. b4 $18 {[%emt 0:00:15] Black is weak on the dark squares} Nd7 (22... b5 $142 23. bxc5 Bxc5+ 24. Kf1 Rhf8) 23. Rc2 $2 (23. Ne4 Be7 24. Bf6 Bxf6 25. exf6 h6 $11) ({White has to play} 23. Nxd5 $1 $18 {And now Nc7 would win.} exd5 24. e6+ Ke8 25. exd7+ Kxd7 26. Rxd5+ Kc6 27. Red2) 23... Rc8 {[%emt 0:00:00] [#]} (23... Be7 $1 $11 24. Bxe7 Kxe7) 24. Bf2 ({Only move:} 24. Rdc1 $1 $16 {[%cal Oc3e4] Threatens to win with Ne4!} Rc4 25. Ne4 Rxe4 26. Rc7) 24... Be7 25. Rdc1 Rc4 {[%emt 0:00:00][%cal Oh8c8] Strongly threatening ...Rhc8!} 26. Na4 Rhc8 27. Rxc4 dxc4 28. Nb6 (28. Nc5 $11 {remains equal.} Nxc5 (28... Bxc5 29. bxc5 g5 30. fxg5 $11) 29. Rxc4) 28... Nxb6 $17 29. Bxb6 {[%emt 0:00:01][%mdl 4096] Endgame. KRB-KRB} Rc6 (29... g5 $17 30. Kf2 gxf4) 30. Be3 $15 b5 31. Kf2 {[%emt 0:00:03] [#]} (31. Ra1 $11) 31... a5 $1 $17 32. bxa5 (32. Bd2 $15) 32... Bxa3 33. Rc2 b4 ({Black should play} 33... Ke8 $19 {Hoping for ...Kd7.} 34. Ke2 Ra6) 34. a6 $1 $15 c3 35. a7 Ra6 {[%emt 0:00:00] ...Bb2 is the strong threat.} 36. Bd4 $2 (36. Ke2 $11) 36... Bb2 $19 {[%emt 0:00:00] aiming for ...b3.} 37. Ke3 $2 {[%emt 0:00:14] Never resign too early!   Weighted Error Value: White=0.52/Black=0.34.  Loses game:     	White=1     	---        Missed win:     	White=1     	---        Mistake:       	White=6     	Black=8      Inaccurate:     	White=4     	Black=4      OK:         	White=11    	Black=7      Best:        	White=1     	Black=3      Strong:       	White=1     	Black=1} (37. Re2 b3 38. Re3) 0-1

[Event "Polish University-ch Open 2024"]
[Site "Lublin"]
[Date "2024.02.23"]
[Round "3.1"]
[White "Kosakowski, Jakub"]
[Black "Kulesza, Andrzej"]
[Result "1-0"]
[ECO "A18"]
[WhiteElo "2482"]
[BlackElo "2076"]
[Annotator "TA"]
[PlyCount "105"]
[EventDate "2024.02.22"]
[EventType "swiss"]
[EventCountry "POL"]
[SourceTitle "playchess.com"]
[Source "ChessBase"]
[SourceQuality "1"]
[TimeControl "600+3"]

1. c4 Nf6 2. Nc3 e6 3. e4 d5 4. e5 d4 5. exf6 dxc3 6. bxc3 gxf6 (6... Qxf6 $11 7. Nf3 b6) 7. Nf3 $14 c5 8. d4 cxd4 {[%emt 0:00:21] White is slightly better.} 9. cxd4 Nc6 10. Be2 Bb4+ 11. Bd2 Bxd2+ 12. Qxd2 {[%emt 0:00:02] Threatens to win with 0-0.} Qa5 13. Rb1 Qxd2+ 14. Kxd2 Ke7 15. Rhd1 Rd8 16. Ke3 b6 17. d5 Na5 18. Nd4 Bb7 19. dxe6 fxe6 20. Rb5 e5 (20... Bxg2 21. Rh5 h6 22. Rg1 $16) 21. Nf5+ Ke6 22. Rxd8 Rxd8 23. g4 Ba6 24. Rd5 Nc6 (24... Rd7 $15 25. Rxd7 Kxd7) 25. f4 Bb7 (25... Rd7 $14) 26. Bf3 {[%emt 0:00:07] White is more active.} (26. fxe5 {simplifies} fxe5 27. Rxd8 Nxd8 28. Bd3) 26... Ba6 27. Rxd8 Nxd8 $4 {[%emt 0:00:02][%mdl 12288] Endgame. KBN-KBN. A mistake that costs the game.} ({Black should play} 27... exf4+ $14 28. Kxf4 Nxd8) 28. Bd5+ $18 Kd7 {[%emt 0:00:08] [#]} 29. fxe5 fxe5 30. Ke4 Nc6 31. h4 Na5 (31... b5 {keeps fighting.} 32. cxb5 Bxb5) 32. Ne3 Kd6 (32... b5 $142 33. c5 (33. Kxe5 Nxc4+ 34. Nxc4 bxc4 $18) 33... Bb7) 33. g5 {[%emt 0:00:02] h5 would now be deadly.} b5 34. cxb5 Bxb5 35. Nf5+ Kc5 36. Kxe5 Nc4+ 37. Bxc4 Bxc4 {[%emt 0:00:01] KB-KN} 38. a3 a5 39. h5 {[%emt 0:00:37] White mates.} Bf7 40. Ng3 Kb5 41. Kf6 Bc4 42. g6 Bd3 43. Nf5 hxg6 {[%emt 0:00:03] [#]} 44. h6 $1 Bxf5 {[%emt 0:00:01] KB-KPP} (44... gxf5 45. h7) 45. h7 Ka4 46. h8=Q ({Weaker is} 46. h8=R Kxa3 47. Rb8 Bc2 $11) 46... Kxa3 47. Qf8+ Kb3 48. Qb8+ Ka3 49. Ke5 a4 50. Kd4 Bc2 51. Kc3 Bb3 52. Qd6+ Ka2 53. Qd2+ {[%emt 0:00:02] Weighted Error Value: White=0.09 (flawless) /Black=0.43.  Loses game:     	---       	Black=1      Mistake:       	---       	Black=4      Inaccurate:     	White=2     	---        OK:         	White=10    	Black=9      Best:        	White=3     	Black=4} 1-0

[Event "Polish University-ch Open 2024"]
[Site "Lublin"]
[Date "2024.02.23"]
[Round "3.2"]
[White "Hrymowicz, Artur"]
[Black "Janik, Igor"]
[Result "0-1"]
[ECO "B05"]
[WhiteElo "2131"]
[BlackElo "2499"]
[Annotator "TA"]
[PlyCount "76"]
[EventDate "2024.02.22"]
[EventType "swiss"]
[EventCountry "POL"]
[SourceTitle "playchess.com"]
[Source "ChessBase"]
[SourceQuality "1"]
[TimeControl "600+3"]

1. e4 Nf6 2. e5 Nd5 3. d4 d6 4. Nf3 Bg4 5. Be2 e6 6. O-O Be7 7. h3 Bh5 8. c4 Nb6 9. exd6 cxd6 10. Nbd2 O-O 11. b3 Nc6 12. Bb2 d5 13. Ne5 (13. c5 {should be considered.} Nd7 14. a3) 13... Bxe2 14. Qxe2 Rc8 15. Rfd1 (15. Nxc6 $11 bxc6 16. c5) 15... Bf6 16. Rac1 dxc4 17. Nxc6 Rxc6 18. bxc4 Qc8 19. c5 (19. Ba3 $142 Re8 20. Ne4) 19... Nd5 $11 20. Ne4 Be7 21. Rb1 b6 22. cxb6 axb6 23. Rdc1 Rxc1+ 24. Rxc1 Qa8 25. Qc4 h6 26. g3 (26. a4 $142) 26... Rd8 (26... Nf4 $142 27. gxf4 Qxe4) 27. Nc3 $17 Nf6 28. Nb5 Bf8 29. a4 Qf3 {[%emt 0:00:07] Strongly threatening ...Ne4.} 30. Qc3 Qf5 31. Kg2 Ra8 {[%emt 0:00:07] Black is much more active.} 32. Qb3 Qe4+ 33. Kh2 Qe2 34. Rc2 Qd1 35. Qc3 {[%emt 0:00:08] Against Rc8} (35. Kg2 $17) 35... Ne4 (35... Rxa4 $19 36. Qd2 Qxd2 37. Rxd2 Bb4) 36. Qc7 $2 {[%emt 0:00:04][%mdl 8192] [#]} (36. Qc6 $17 Qd3 (36... Rxa4 $2 {is the wrong capture.} 37. Qxe4 Qf1 38. Nc3 $18) 37. d5 Qxd5 (37... Rxa4 38. dxe6 Ng5 39. exf7+ Kh7 40. Kg2 $11) 38. Qxd5 exd5 39. Nc7 Rxa4 40. Nxd5) 36... Nd2 37. Qc6 (37. Rc1 Qe2 (37... Qxa4 $2 38. Qc6 $19) 38. Kg2) 37... Nf3+ $19 38. Kg2 Ne1+ {[%emt 0:00:01] Weighted Error Value: White=0.61/Black=0.30.  Loses game:     	White=1     	---        Mistake:       	White=5     	Black=2      Inaccurate:     	White=4     	Black=6      OK:         	White=6     	Black=8      Best:        	White=1     	Black=2} (38... Rxa4 $2 39. Rc1 Ne1+ 40. Kg1 $19) 0-1

[Event "Polish University-ch Open 2024"]
[Site "Lublin"]
[Date "2024.02.23"]
[Round "3.3"]
[White "Szpar, Milosz"]
[Black "Leskiewicz, Ignacy"]
[Result "1-0"]
[ECO "B07"]
[WhiteElo "2495"]
[BlackElo "2180"]
[Annotator "TA"]
[PlyCount "56"]
[EventDate "2024.02.22"]
[EventType "swiss"]
[EventCountry "POL"]
[SourceTitle "playchess.com"]
[Source "ChessBase"]
[SourceQuality "1"]
[TimeControl "600+3"]

1. e4 d6 2. d4 Nf6 3. Bd3 e5 4. c3 Nbd7 5. Nf3 c6 6. O-O Be7 7. Re1 O-O 8. Nbd2 {[%emt 0:00:02][%cal Bb1d2,Bd2f1,Bf1g3][%mdl 32] White is slightly better.} Rb8 9. a4 Qc7 10. Nf1 Re8 11. Ng3 Nf8 12. h3 a5 13. c4 Ne6 14. Be3 exd4 15. Nxd4 Bf8 16. Bc2 Nc5 17. Qf3 Nfd7 18. Rad1 {[%emt 0:00:11] White is more active.} g6 {[%emt 0:00:48] Inhibits Nh5.} 19. b3 Bg7 (19... b6 $142) 20. Rd2 ({White should try} 20. Ndf5 {Nxg7 is the strong threat.} Ne5 21. Qf4 gxf5 22. exf5) 20... Ne6 {[%emt 0:00:06] [#]} (20... Ne5 $16 {was called for.} 21. Qe2 b6) 21. Qd1 (21. Ndf5 $1 $18) 21... Nxd4 $14 22. Bxd4 Nf6 (22... Be5 $14) 23. Qa1 $16 Qe7 (23... Re6 $16) 24. Rde2 Nh5 $2 (24... Bd7 {is tougher.} 25. e5 dxe5 26. Bxe5 (26. Rxe5 Be6 $16) 26... Ra8) 25. Nxh5 $18 Bxd4 26. Qxd4 {[%emt 0:00:01][%csl Gh5][%cal Rd4g7] [#]} gxh5 27. e5 Qg5 28. h4 dxe5 $2 {[%emt 0:00:02] Weighted Error Value: White=0.33/Black=0.51.  Mistake:       	White=2     	Black=5      Inaccurate:     	White=1     	---        OK:         	White=8     	Black=6      Best:        	White=1     	---} (28... Qg7 29. Re3 (29. Qxd6 Bh3 $18) 29... Bg4) 1-0

[Event "Polish University-ch Open 2024"]
[Site "Lublin"]
[Date "2024.02.23"]
[Round "3.4"]
[White "Bilczewski, Kacper"]
[Black "Psyk, Radoslaw"]
[Result "0-1"]
[ECO "B02"]
[WhiteElo "2139"]
[BlackElo "2461"]
[Annotator "RC"]
[PlyCount "80"]
[EventDate "2024.02.22"]
[EventType "swiss"]
[EventCountry "POL"]
[SourceTitle "playchess.com"]
[Source "ChessBase"]
[SourceQuality "1"]
[TimeControl "600+3"]

1. e4 Nf6 2. e5 Nd5 3. c4 Nb6 4. c5 Nd5 5. Nc3 Nxc3 6. dxc3 e6 7. Be3 Nc6 8. Nf3 b6 9. cxb6 axb6 10. Bd3 Ba6 11. O-O Qc8 12. Re1 Bxd3 13. Qxd3 Qa6 14. Qe4 Qa4 15. c4 Be7 16. b3 Qa3 17. Nd4 Nxd4 18. Bxd4 O-O 19. Re3 f5 20. exf6 Bxf6 21. Rg3 Ra5 22. Bxf6 Rxf6 23. Qd4 Rf7 24. h3 Raf5 25. Rf3 Rxf3 26. gxf3 Qa8 27. Qe4 Qf8 28. Kg2 Rf4 29. Qd3 Qe7 30. Rd1 d6 31. Re1 Qg5+ 32. Kh2 Qf6 33. Kg2 Rf5 34. Re4 h5 35. h4 Qg6+ 36. Kf1 Qf6 37. Ke2 Kf7 38. a4 Qb2+ 39. Ke3 Qc1+ 40. Qd2 Rxf3+ 0-1

[Event "Polish University-ch Open 2024"]
[Site "Lublin"]
[Date "2024.02.23"]
[Round "3.5"]
[White "Niedbala, Bartlomiej"]
[Black "Musial, Tomasz"]
[Result "1/2-1/2"]
[ECO "C11"]
[WhiteElo "2382"]
[BlackElo "2171"]
[Annotator "TA"]
[PlyCount "138"]
[EventDate "2024.02.22"]
[EventType "swiss"]
[EventCountry "POL"]
[SourceTitle "playchess.com"]
[Source "ChessBase"]
[SourceQuality "1"]
[TimeControl "600+3"]

1. e4 e6 2. d4 d5 3. Nc3 Nf6 4. e5 Nfd7 5. f4 c5 6. Nf3 Nc6 7. Be3 a6 8. a3 cxd4 9. Nxd4 Bc5 10. Be2 Nxd4 11. Bxd4 b5 12. Bxc5 Nxc5 13. Qd4 Qb6 14. O-O Rb8 15. Kh1 Ne4 16. Qxb6 Rxb6 17. Nxe4 dxe4 18. Kg1 Ke7 19. Kf2 f5 20. Rfd1 Rd8 21. Ke3 Rxd1 22. Rxd1 Bb7 23. c3 Bd5 24. g4 g6 25. gxf5 gxf5 26. Rg1 Kf7 27. h4 Rb8 28. Bh5+ Kf8 29. Ra1 a5 30. Be2 Bc4 31. Bd1 Rd8 32. Bc2 a4 33. Rg1 Bb3 34. Bb1 Rd1 35. Rxd1 Bxd1 36. Ba2 Ke7 37. c4 bxc4 38. Bxc4 h6 39. Bb5 Bb3 40. Kd4 Kf7 41. Kc5 Bd1 42. Kd4 Bb3 $1 43. Be2 Ke7 44. Kc5 Bc2 45. Bh5 Bd3 46. Bd1 $2 (46. Kd4 $11) 46... e3 $19 47. Kb4 e2 48. Bxe2 Bxe2 49. Kxa4 Kd7 $2 (49... Kf7 $19 50. b4 Kg6) 50. Ka5 $11 Kc6 51. b4 Bd1 52. b5+ Kb7 53. Kb4 Bf3 (53... Kb6 $5) 54. a4 Be2 55. Kc5 Kc7 (55... h5 $5) 56. a5 Kb7 $2 (56... h5 $11) 57. b6 $2 (57. Kd6 $18) 57... Bf1 $2 (57... Ka6 $11) 58. Kd6 $18 Bc4 59. Kd7 $2 (59. h5 $18 Kc8 60. Ke7) 59... Bd5 60. Kd6 Ka6 61. Kc7 h5 (61... Kxa5 62. b7 Kb5 63. b8=Q+ $18 (63. b8=B $2 Kc4 $19)) 62. Kc8 Be4 (62... Kxa5 63. b7 Bxb7+ 64. Kxb7 Kb5 65. Kc7 Kc5 66. Kd7 Kd5 67. Ke7) 63. Kc7 Bd5 (63... Kxa5 $2 64. b7 Kb4 65. b8=Q+ $18 (65. b8=B Kc4 $11)) 64. Kc8 Be4 (64... Kxa5 $2 65. b7 Kb5 66. b8=Q+ $18 (66. b8=B Kc5 $11)) 65. Kd7 Bd5 66. Kc7 Be4 (66... Kxa5 67. b7 Bxb7 68. Kxb7 Kb5 69. Kc7 Kc5 70. Kd7 Kd5 71. Ke7) 67. Kc8 Bd5 (67... Kxa5 68. b7 Bxb7+ 69. Kxb7 Kb5 70. Kc7 Kc5 71. Kd7 Kd5 72. Ke7) 68. Kc7 $1 Be4 (68... Kxa5 69. b7 Kb5 70. b8=Q+ $18 (70. b8=B $2 Kc4 $19)) 69. Kc8 Bd5 (69... Kxa5 70. b7 $18) 1/2-1/2

[Event "Polish University-ch Open 2024"]
[Site "Lublin"]
[Date "2024.02.23"]
[Round "3.6"]
[White "Lewtak, Dominik"]
[Black "Baum, Jonasz"]
[Result "0-1"]
[ECO "B50"]
[WhiteElo "2165"]
[BlackElo "2400"]
[Annotator "TA"]
[PlyCount "46"]
[EventDate "2024.02.22"]
[EventType "swiss"]
[EventCountry "POL"]
[SourceTitle "playchess.com"]
[Source "ChessBase"]
[SourceQuality "1"]
[TimeControl "600+3"]

1. e4 c5 2. Nf3 d6 3. c3 Nf6 4. Bd3 Nc6 5. h3 g5 6. Qb3 ({Of course not} 6. Nxg5 Rg8 7. Nf3 Rxg2 $15) 6... g4 (6... h6 $11) 7. Ng5 (7. hxg4 $14 Nxg4 8. Bc4) 7... e6 $15 {[%emt 0:00:28] ...Rg8 is the strong threat.} 8. hxg4 {[%emt 0:00:30] Black has an edge.} Nxg4 9. Nf3 d5 $1 10. Bc2 $2 {[%emt 0:00:53][%mdl 8192] [#] White does not recover from this.} (10. exd5 $15 exd5 11. Bb5) 10... c4 $1 $19 {[%emt 0:00:23] Black is clearly winning.} 11. Qa4 Bd7 {[%emt 0:00:02] Strongly threatening ...Nce5.} 12. exd5 Nce5 13. Nxe5 Nxe5 14. d4 Bxa4 15. Bxa4+ Nd7 16. dxe6 fxe6 17. Nd2 Qc7 18. Ne4 O-O-O 19. g3 e5 20. Bg5 {[%emt 0:00:04] [#]} Nb6 $1 21. Bxd8 Qxd8 22. Bc2 exd4 23. O-O-O d3 {[%emt 0:00:01] Weighted Error Value: White=0.85/Black=0.27 (precise) .  Loses game:     	White=1     	---        Mistake:       	White=1     	Black=1      Inaccurate:     	White=1     	---        OK:         	White=4     	Black=5      Best:        	White=1     	---        Strong:       	---       	Black=2} 0-1